Map: Royal Blood LE

Players

MattBarry

  • Race: Zerg Zerg
  • League: Gold
  • Spawn Location: 7:00

Snowconez - Winner!

  • Race: Zerg Zerg
  • League: Gold
  • Spawn Location: 1:00

VOD

Have the link to the VOD?

Description

Time

  • Played on: Feb. 15, 2023, 7 a.m.
  • Length: 4:21
Show
View Real Time Build Order
Export as new Build Order

MattBarry Zerg 

Build Orders: Pool First 

Get SALT Encoding   

  12  0:00  Drone  
  13  0:12  Overlord  
  13  0:16  Drone  
  14  0:23  Drone, Extractor  
  15  0:40  Spawning Pool  
  15  0:42  Drone  
  15  0:53  Drone  
  15  0:55  Extractor, Drone  
  16  1:02  Drone  
  17  1:14  Drone  
  18  1:19  Drone  
  19  1:34  Zergling x2  
  20  1:49  Hatchery, Drone  
  20  1:50  Drone  
  21  1:57  Queen, Extractor  
  22  2:01  Overlord  
  23  2:29  Hatchery  
  22  2:34  Zergling x4  
  22  2:35  Zergling x2  
  25  3:03  Spine Crawler  
  25  3:05  Spine Crawler  
  22  3:13  Zergling x2, Drone x2  
  22  3:28  Spine Crawler  
  22  3:33  Spine Crawler  
  20  3:36  Zergling x2  
  20  3:37  Zergling x4  
  23  3:46  Spine Crawler  
Show
View Real Time Build Order
Export as new Build Order

Snowconez Zerg - Winner!

Build Orders: Pool First 

Get SALT Encoding   

  12  0:00  Drone  
  13  0:13  Drone  
  14  0:18  Extractor  
  14  0:19  Drone, Extractor  
  13  0:22  Drone  
  16  0:28  Overlord  
  16  0:44  Spawning Pool  
  16  0:48  Drone  
  16  0:52  Extractor  
  16  0:53  Drone  
  16  1:00  Drone  
  17  1:09  Drone  
  18  1:25  Hatchery  
  17  1:29  Drone x2  
  20  1:40  Zergling x2  
  20  1:42  Queen  
  22  1:48  Extractor  
  22  1:52  Metabolic Boost  
  21  1:59  Overlord  
  21  2:11  Spine Crawler  
  20  2:20  Zergling x4  
  22  2:34  Zergling x4, Baneling Nest  
  23  2:42  Queen  
  24  3:14  Zergling x10  
  24  3:15  Zergling x6  
  32  3:32  Baneling x4  
  32  3:33  Baneling x2  
  32  3:39  Drone x3  
  34  4:00  Zergling x10  
Tags
 
League
GoldGold
Matchup
ZvZ
Race
Zerg
Replay Pack
Multiplayer
Spawn Locations
Cross Positions
Add a new tag
Caveats
  • Supply blocks, unpowered buildings, or Contaminate may cause inaccurate times.
  • Supply counts are checked every 10 seconds.